 Dungeon Crawl Stone Soup version 0.28-a0-845-gfc338a8e3c (webtiles) character file.

Game seed: 14466179380291971834

25 elagabalus the Skirmisher (level 2, 27/27 HPs)
             Began as a Minotaur Fighter on Nov 13, 2021.
             Quit the game on level 1 of the Dungeon.
             The game lasted 00:05:44 (728 turns).

elagabalus the Skirmisher (Minotaur Fighter)         Turns: 728, Time: 00:05:45

Health: 27/27      AC:  7    Str: 20    XL:     2   Next: 82%
Magic:  1/1        EV:  9    Int:  5    God:
Gold:   36         SH:  4    Dex:  9    Spells: 1/1 levels left

rFire   . . .      SeeInvis .   a - +0 trident
rCold   . . .      Faith    .   c - +0 buckler
rNeg    . . .      Spirit   .   b - +0 scale mail
rPois   .          Reflect  .   (helmet restricted)
rElec   .          Harm     .   (no cloak)
rCorr   .          Rampage  .   (no gloves)
Will    .....                   (no boots)
Stlth   ..........              (no amulet)
HPRegen 0.09/turn               (no ring)
MPRegen 0.07/turn               (no ring)

@: no status effects
A: horns 2, retaliatory headbutt
a: no special abilities


You were on level 1 of the Dungeon.
You visited 1 branch of the dungeon, and saw 1 of its levels.

You collected 36 gold pieces.

Inventory:

Hand Weapons
 a - a +0 trident (weapon)
Missiles
 e - 19 stones (quivered)
Armour
 b - a +0 scale mail (worn)
 c - a +0 buckler (worn)
Scrolls
 f - a scroll of teleportation {unknown}
Potions
 d - a potion of might


   Skills:
 - Level 4.0 Fighting
 * Level 3.1 Polearms
 - Level 4.0 Armour
 - Level 4.0 Shields


You had one spell level left.
You didn't know any spells.
Your spell library contained the following spells:

 Spells                   Type           Power      Damage    Failure   Level
 Dazzling Flash           Conj/Hex       0%         N/A       99%         3
 Iskenderun's Mystic Bla  Conj/Tloc      0%         2d3       100%        4
 Starburst                Conj/Fire      0%         6d3       100%        6


Dungeon Overview and Level Annotations

Branches:
Dungeon (1/15)

Altars:

Shops:
D:1 =


Innate Abilities, Weirdness & Mutations

You have a pair of horns on your head.
You reflexively headbutt those who attack you in melee.


Message History

You closely miss the hobgoblin.
The hobgoblin is severely wounded.
The hobgoblin hits you but does no damage.
Reach: a) +0 trident
Press: ? - help, Dir - move target, f - endoplasm, p - hobgoblin
Aim: an endoplasm (about 15% to evade your +0 trident)
You reach to attack!
You barely miss the endoplasm.
The hobgoblin hits you but does no damage.
The hobgoblin hits you.
You puncture the endoplasm!
You kill the endoplasm!
You hit the hobgoblin.
You kill the hobgoblin!
Your Polearms skill increases to level 3!
Found 15 sling bullets and 10 gold pieces.
You now have 36 gold pieces (gained 10).
Found a dagger.
An endoplasm comes into view.
The endoplasm quivers.
Reach: a) +0 trident
Press: ? - help, Dir - move target, f - endoplasm
Aim: an endoplasm (about 15% to evade your +0 trident)
You reach to attack!
You hit the endoplasm.
The endoplasm is severely wounded.
You hit the endoplasm.
The endoplasm is almost dead.
The endoplasm closely misses you.
You hit the endoplasm.
You kill the endoplasm!
You see here a +0 dagger.
You see here a +0 mace.
There is an open door here.
There is an open door here.
Found a robe.
Found a dagger.
There is an open door here.
You see here a +0 mace.
You see here 15 sling bullets.
You see here 15 sling bullets.
Are you sure you want to abandon this character and quit the game? (Confirm with "yes".)

##..##.##.####.#####.#..♣....♣..#
.......##.........##.#..........#
.#[.#####.####.##.##.#).........#
)†........# #.......############
.########## #.##.#### #...# .#
#.##.# #...# ## #.##.# #...# .#
#.##.##########...## .#
#..@..)............. .#
.......##.........≈≈≈≈... ##
....##.##.####....≈≈≈≈÷.. # ...
#.##.## #.#.≈≈≈≈≈≈.# ### #
#.#...# #...≈≈≈≈≈≈.# ..# #.##..#
#....≈≈≈≈..# ..###### #.###.#
#.##........ .......#
#.###.###.####....#. ...###.####
#.........# #......


There were no monsters in sight!

Vanquished Creatures
  5 endoplasms (D:1)
  2 giant cockroaches (D:1)
  A goblin (D:1)
  2 hobgoblins (D:1)
  2 quokkas (D:1)
  10 frilled lizards (D:1)
  2 rats (D:1)
24 creatures vanquished.

Notes
Turn   | Place    | Note
-------+----------+-------------------------------------------
     0 | D:1      | elagabalus the Minotaur Fighter began the quest for the
                  | Orb.
     0 | D:1      | Reached XP level 1. HP: 19/19 MP: 0/0
    56 | D:1      | Found a faded altar of an unknown god.
   119 | D:1      | Found Kaces's Jewellery Shoppe.
   165 | D:1      | Reached XP level 2. HP: 25/27 MP: 1/1
   728 | D:1      | Quit the game

Illustrated notes

Levels and vault maps discovered:
D:1:      kennysheep_arrival_forest, layout_loops_cross, serial_shops,
          nicolae_square_shop, hellmonk_ecumenical_altar_slurped_away,
          kennysheep_pointless_box, minmay_lizard_pond

Skill      XL: |  1  2 |
---------------+-------+-----
Fighting       | 4 |  4.0
Armour         | 4 |  4.0
Shields        | 4 |  4.0
Polearms       | 3 |  3.1

Action                   || total
-------------------------++-------
Melee: Trident           ||    76
       Headbutt          ||     7
Armor: Scale mail        ||    19
Dodge: Dodged            ||    16
Block: Buckler           ||    10

Table legend: (Time is in decaauts)
 A = Elapsed time spent in this place.
 B = Non-inter-level travel time spent in this place.
 C = Inter-level travel time spent in this place.
 D = Time resting spent in this place.
 E = Time spent auto-exploring this place.
 F = Levels seen in this place.
 G = Mean time per level.
                   A        B        C        D        E       F      G
               +--------+--------+--------+--------+--------+-----+--------+
         Total |    741 |    224 |    517 |      0 |      0 |   1 |  741.0 |
       Dungeon |    741 |    224 |    517 |      0 |      0 |   1 |  741.0 |
               +--------+--------+--------+--------+--------+-----+--------+

Top non-repeatable levels by time:
     D:1: 741 daAuts
